 Dungeon Crawl Stone Soup version 0.24.0-13-gcf9b3192b9 (webtiles) character file.

Game seed: 16752474141291019304, levelgen mode: deterministic

228 Acheron the Charmwright (level 5, -3/30 HPs)
             Began as a Deep Elf Skald on Nov 9, 2019.
             Slain by a centaur (9 damage)
             ... on level 5 of the Dungeon.
             The game lasted 00:23:25 (3818 turns).

Acheron the Charmwright (Deep Elf Skald)            Turns: 3818, Time: 00:23:26

Health: -3/30      AC:  3    Str:  8    XL:     5   Next: 70%
Magic:  10/12      EV: 13    Int: 22    God:
Gold:   282        SH:  0    Dex: 14    Spells: 2/11 levels left

rFire    . . .     SeeInvis .   a - +0 falchion
rCold    . . .     Gourm    .   (no shield)
rNeg     + . .     Faith    .   b - +0 leather armour
rPois    .         Spirit   .   (no helmet)
rElec    .         Reflect  .   (no cloak)
rCorr    .         Harm     .   (no gloves)
MR       .....                  (no boots)
Stlth    ++........             (no amulet)
HPRegen  0.10/turn              m - +3 ring of intelligence
MPRegen  0.13/turn              h - ring of positive energy

@: infused
A: no striking features
a: no special abilities


You were on level 5 of the Dungeon.
You were not hungry.

You visited 1 branch of the dungeon, and saw 6 of its levels.

You collected 282 gold pieces.

Inventory:

Hand Weapons
 a - a +0 falchion (weapon)
 e - a +0 hand axe
 o - a +0 hunting sling
 p - a +0 hand crossbow
 q - a +3 flail
 r - a +0 short sword
Missiles
 f - 148 stones
 i - 28 poisoned darts (quivered)
 k - 6 sling bullets
Armour
 b - a +0 leather armour (worn)
Jewellery
 h - a ring of positive energy (right hand)
 m - a +3 ring of intelligence (left hand)
Wands
 c - a wand of polymorph (7)
Scrolls
 n - a scroll of remove curse
Potions
 g - a potion of resistance {unknown}
 j - 2 potions of haste
 l - a potion of heal wounds {unknown}
 s - 3 potions of brilliance {unknown}
 u - a potion of curing {unknown}
Comestibles
 d - 4 rations
 t - 2 chunks of flesh


   Skills:
 * Level 2.0 Fighting
 * Level 3.1 Long Blades
 * Level 0.8 Throwing
 * Level 1.4 Armour
 * Level 3.2 Dodging
 * Level 2.1 Stealth
 * Level 3.8 Spellcasting
 * Level 5.3 Charms
 * Level 1.0 Translocations
 * Level 0.9 Evocations


You had 2 spell levels left.
You knew the following spells:

 Your Spells              Type           Power        Failure   Level  Hunger
a - Infusion              Chrm           ####         1%          1    None
b - Shroud of Golubria    Chrm/Tloc      ###...       7%          2    #......
c - Song of Slaying       Chrm           ####....     2%          2    #......
d - Spectral Weapon       Hex/Chrm       ###.....     16%         3    ###....
e - Confusing Touch       Hex            #.....       16%         1    None

Your spell library contained the following spells:

 Spells                   Type           Power        Failure   Level  Hunger
 Regeneration             Chrm/Necr      ###.......   16%         3    ###....
 Gell's Gravitas          Tloc           #.........   32%         3    ###....
 Confuse                  Hex            #.......     43%         3    ###....
 Petrify                  Tmut/Erth      #.......     85%         4    ####...
 Metabolic Englaciation   Hex/Ice        #.........   99%         5    ######.
 Yara's Violent Unravell  Hex/Tmut       #.........   99%         5    ######.


Dungeon Overview and Level Annotations

Branches:
Dungeon (6/15)
 Temple: D:4-7

Altars:
Uskayaw
Xom
The Shining One

Annotations:
D:1 exclusion: downstairs
D:3 exclusion: downstairs, Sigmund


Message History

Aiming: Polymorph
Press: ? - help, Shift-Dir - straight line, f - centaur
Aim: a centaur, wielding a +0 shortbow (chance to defeat MR: 49%)
The centaur resists with some effort.
There's nothing to close nearby.
Evoke which item? (* to show all) (? for menu, Esc to quit)
Okay, then.
Casting: Infusion (safe; 1% risk of failure)
Confirm with . or Enter, or press ? or * to list all spells.
Space distorts slightly along a thin shroud covering your body.
The centaur shoots an arrow.
The arrow hits you!
The centaur shoots an arrow.
The arrow hits you!
* * * LOW HITPOINT WARNING * * *
You see here an arrow.
The centaur unwields a +0 shortbow.
Your shroud bends the centaur's attack away.
You completely miss the centaur.
The centaur hits you but does no damage.
The centaur hits you!
You die...

#.#
#.#
#.#
#.#
#.#
#(#
#.#
#(#
#@#
#c#
#.#
#.#
#.#
#.#
#
#.#
#.#


You could see a centaur.

Vanquished Creatures
  A crimson imp (D:5)
  A worker ant (D:2)
  A worker ant zombie (D:5)
  7 adders
  4 gnolls
  An ooze (D:5)
  An adder skeleton (D:5)
  A worm (D:3)
  A dart slug (D:1)
  2 leopard geckos (D:1)
  3 giant cockroaches
  5 goblins
  6 hobgoblins
  2 quokkas (D:2)
  6 bats
  A frilled lizard (D:3)
  A kobold (D:3)
  8 rats
52 creatures vanquished.

Notes
Turn   | Place    | Note
-------+----------+-------------------------------------------
     0 | D:1      | Acheron the Deep Elf Skald began the quest for the Orb.
     0 | D:1      | Reached XP level 1. HP: 12/12 MP: 6/6
     3 | D:1      | Noticed an electric eel
     3 | D:1      | Noticed an electric eel
   459 | D:1      | Reached skill level 1 in Armour
   459 | D:1      | Reached XP level 2. HP: 17/17 MP: 5/8
   464 | D:1      | Learned a level 2 spell: Shroud of Golubria
   467 | D:1      | Learned a level 2 spell: Song of Slaying
   879 | D:1      | Reached skill level 1 in Stealth
  1269 | D:2      | Reached XP level 3. HP: 12/21 MP: 5/9
  1600 | D:2      | Reached skill level 5 in Charms
  1854 | D:3      | Noticed Sigmund
  2084 | D:2      | Reached XP level 4. HP: 23/26 MP: 6/11
  2178 | D:4      | Noticed an ogre
  2533 | D:3      | Learned a level 3 spell: Spectral Weapon
  2535 | D:3      | Learned a level 1 spell: Confusing Touch
  2928 | D:5      | Entered Level 5 of the Dungeon
  3034 | D:5      | Reached XP level 5. HP: 14/30 MP: 1/12
  3233 | D:5      | Found a glowing golden altar of the Shining One.
  3527 | D:4      | Reached skill level 1 in Translocations
  3766 | D:4      | Found a shimmering altar of Xom.
  3766 | D:4      | Found a hide-covered altar of Uskayaw.
  3812 | D:5      | Noticed a centaur
  3818 | D:5      | Slain by a centaur

Levels and vault maps discovered:
D:1:      arrival_aquarium_b, layout_basic, hangedman_decor_peaks_small
D:2:      layout_rooms, first_ration
D:3:      layout_basic, chequers_serial_rivers_small_3, minmay_misc_feat_chi,
          uniq_sigmund
D:4:      layout_basic, gammafunk_temple_overflow_wave
D:5:      layout_loops_ring, nicolae_ru_great_annihilating_truth,
          tso_oasis_becter, lemuel_temple_firewalk_b,
          ebering_dispersal_statue_hall, grunt_ministairs_14
D:6:      layout_loops_corners

Skill      XL: |  1  2  3  4  5 |
---------------+----------------+-----
Long Blades    | 2 3 |  3.1
Armour         | 1 |  1.4
Stealth        | 1 2 |  2.1
Charms         | 5 |  5.3
Dodging        | 3 |  3.2
Fighting       | 2 |  2.0
Translocations | 1 |  1.0
Throwing       | |  0.8
Spellcasting   | |  3.8
Evocations     | |  0.9

Action                   |  1- 3 |  4- 6 || total
-------------------------+-------+-------++-------
Melee: Falchion          |    72 |    96 ||   168
Throw: Stone             |     3 |       ||     3
       Dart              |    12 |     4 ||    16
 Cast: Infusion          |    18 |    16 ||    34
       Shroud of Golubri |     9 |    17 ||    26
       Song of Slaying   |     1 |       ||     1
Evoke: Wand              |       |     1 ||     1
  Use: Scroll            |       |     6 ||     6
 Stab: Sleeping          |     2 |     2 ||     4
       Distracted        |       |     1 ||     1
  Eat: Chunk             |     4 |     3 ||     7
       Ration            |       |     1 ||     1
Armor: Leather armour    |    20 |    19 ||    39
Dodge: Dodged            |    51 |    57 ||   108
       Rpst.: Falchion   |    18 |    17 ||    35
